 Dungeon Crawl Stone Soup version 0.29.1-2-gbd0b4ee654 (webtiles) character file.

Game seed: 17504597155188528323

2167 MTVSty1e the Cleaver (level 9, -3/117 (123) HPs)
             Began as a Minotaur Monk on Oct 23, 2022.
             Was a Priest of Okawaru.
             Slain by a wight
             ... wielding a +0 halberd of venom
              (11 damage)
             ... on level 7 of the Dungeon.
             The game lasted 00:09:39 (8095 turns).

MTVSty1e the Cleaver (Minotaur Monk)                Turns: 8095, Time: 00:09:40

HP:   -3/117 (123)  AC: 28    Str: 21    XL:     9   Next: 10%
MP:   8/8           EV:  2    Int:  7    God:    Okawaru [***...]
Gold: 429           SH:  5    Dex: 12    Spells: 8/8 levels left

rFire   . . .      SeeInvis .   a - +0 hand axe
rCold   . . .      Faith    .   o - +2 buckler
rNeg    . . .      Spirit   .   (body armour currently unavailable)
rPois   +          Reflect  .   (helmet currently unavailable)
rElec   .          Harm     .   (cloak currently unavailable)
rCorr   .          Rampage  .   (gloves currently unavailable)
Will    .....      NoTele   +   (boots currently unavailable)
Stlth   ++........              (no amulet)
HPRegen 0.29/turn               u - +4 ring of protection
MPRegen 0.11/turn               (no ring)

@: tree-form (expiring), weak-willed, lightly drained
A: stationary, stasis, torment immunity, boosted hp, (horns 2), (retaliatory
headbutt)
a: Renounce Religion, Heroism


You were on level 7 of the Dungeon.
You worshipped Okawaru.
Okawaru was most pleased with you.
You were a tree.
You visited 2 branches of the dungeon, and saw 8 of its levels.

You collected 429 gold pieces.

Inventory:

Hand Weapons
 a - a +0 hand axe (weapon)
 w - a +1 vorpal flail
 B - a +0 flail of venom
Armour
 b - a +0 robe
 o - a +2 buckler (worn)
 p - a +0 ring mail
 q - a +0 cloak (melded)
 r - a +1 plate armour (melded)
Jewellery
 u - a +4 ring of protection (left branch)
 A - a ring of fire
Wands
 e - a wand of digging (5)
 C - a wand of flame (27)
Scrolls
 c - 2 scrolls of butterflies
 d - 7 scrolls of identify
 g - 2 scrolls of vulnerability
 h - 2 scrolls of poison
 j - a scroll of blinking
 k - 2 scrolls of enchant armour
 m - 4 scrolls of teleportation {unknown}
 s - 2 scrolls of magic mapping {unknown}
 x - a scroll of silence {unknown}
 y - 2 scrolls of fear {unknown}
Potions
 f - a potion of ambrosia
 i - a potion of lignification
 l - a potion of curing
 n - 2 potions of mutation
 t - 3 potions of attraction
 v - 4 potions of brilliance


   Skills:
 + Level 8.4 Fighting
 * Level 12.7 Axes
 - Level 3.2 Dodging
 - Level 1.5 Stealth


You had 8 spell levels left.
You didn't know any spells.
Your spell library contained the following spells:

 Spells                   Type           Power      Damage    Failure   Level
 Apportation              Tloc           0%         N/A       54%         1
 Beastly Appendage        Tmut           0%         N/A       54%         1
 Necrotise                Necr           0%         1d4       54%         1
 Ensorcelled Hibernation  Hex/Ice        0%         N/A       67%         2
 Passwall                 Tmut/Erth      0%         N/A       67%         2
 Wereblood                Tmut           0%         N/A       67%         2
 Spider Form              Tmut/Pois      0%         N/A       88%         3
 Swiftness                Air            0%         N/A       88%         3
 Summon Small Mammal      Summ           Unusable   N/A       N/A         1

Dungeon Overview and Level Annotations

Branches:
Dungeon (7/15)             Temple (1/1) D:6

Altars:
Ashenzari
Cheibriados
Dithmenos
Elyvilon
Fedhas
Gozag
Hepliaklqana
Kikubaaqudgha
Okawaru
Qazlal
Ru
Vehumet
Wu Jian
Yredelemnul
Zin
The Shining One

Annotations:
D:5 Menkaure


Innate Abilities, Weirdness & Mutations

You are a tree.
Your roots penetrate the ground, keeping you stationary.
You cannot be teleported.
You are immune to unholy pain and torment.
Your maximum health is greatly increased.
Your equipment is partially melded.
((You have a pair of horns on your head.))
((You reflexively headbutt those who attack you in melee.))


Message History

You barely miss the wight.
The wight is almost destroyed.
You closely miss the wight. You closely miss the wight.
The wight is almost destroyed.
You barely miss the wight. You block the wight's attack.
The wight hits you but does no damage. x2
You closely miss the wight.
The wight is almost destroyed.
You hit the wight.
The wight hits you but does no damage. x2
You block the wight's attack.
You hit the wight.
You destroy the wight!
Okawaru accepts your kill.
You hit the wight.
Your transformation is almost over.
The wight hits you but does no damage. x2
You cannot move.
You hit the wight.
The wight is almost destroyed.
You closely miss the wight.
The wight is almost destroyed.
The wight hits you but does no damage. x2
You hit the wight.
The wight is almost destroyed.
You block the wight's attack. The wight hits you but does no damage.
You hit the wight.
The wight is almost destroyed.
You closely miss the wight.
The wight is almost destroyed.
The wight hits you from afar with a +0 halberd of venom!
* * * LOW HITPOINT WARNING * * *
You feel drained.
* * * LOW HITPOINT WARNING * * *
You hit the wight but do no damage. You hit the wight.
You destroy the wight!
Okawaru accepts your kill.
Okawaru will now gift you throwing weapons as you gain piety.
The wight hits you from afar with a +0 halberd of venom!
You die...

......#
..>.#.###
...##...##
.###.....###
###..###...###
##..######...###
#.....##
###...###
.......##
###..z###
........#
###♣)z#
........##
###.....#
.........#
##.....#
.........#
.....#
.........#
......#
.........#
......#
.........#
......#
#.......##
......#
#########


You could see 2 wights.

Vanquished Creatures
  A hornet (D:7)
  Sigmund (D:6)
  A steam dragon (Temple)
  Edmund (D:6)
  A water moccasin (D:5)
  2 ice beasts
  A sky beast (D:6)
  3 ogres
  3 scorpions
  A necrophage (D:4)
  A gnoll sergeant (D:6)
  3 wights (D:7)
  2 jellies
  A gnoll bouda (D:6)
  An orc priest (D:6)
  2 hounds
  2 orc wizards (D:4)
  Robin (D:3)
  6 adders
  12 gnolls
  A white imp (D:6)
  3 ufetubi
  A worm (D:3)
  4 dart slugs
  8 orcs
  A bat (D:1)
  3 endoplasms
  6 giant cockroaches
  11 goblins
  4 hobgoblins
  9 jackals
  3 quokkas
  5 ball pythons
  4 frilled lizards
  9 kobolds
  6 rats
124 creatures vanquished.

Vanquished Creatures (others)
  7 plants (D:6)
7 creatures vanquished.

Grand Total: 131 creatures vanquished

Notes
Turn   | Place    | Note
-------+----------+-------------------------------------------
     0 | D:1      | MTVSty1e the Minotaur Monk began the quest for the Orb.
     0 | D:1      | Reached XP level 1. HP: 19/19 MP: 0/0
   142 | D:1      | Reached skill level 4 in Axes
   146 | D:1      | Found a faded altar of an unknown god.
   425 | D:1      | Reached XP level 2. HP: 21/26 MP: 1/1
  1308 | D:2      | Reached skill level 5 in Axes
  1314 | D:2      | Reached XP level 3. HP: 6/31 MP: 2/2
  1983 | D:3      | Noticed Robin
  2017 | D:3      | Killed Robin
  2018 | D:3      | Reached skill level 6 in Axes
  2018 | D:3      | Reached XP level 4. HP: 33/39 MP: 3/3
  2394 | D:3      | Reached XP level 5. HP: 16/45 MP: 4/4
  2769 | D:3      | Reached skill level 7 in Axes
  3009 | D:4      | Found a basalt altar of Yredelemnul.
  3105 | D:4      | HP: 2/46 [something (6)]
  3169 | D:4      | Reached skill level 8 in Axes
  3169 | D:4      | Reached XP level 6. HP: 25/53 MP: 5/5
  3906 | D:4      | Reached skill level 5 in Fighting
  4408 | D:5      | Entered Level 5 of the Dungeon
  4408 | D:5      | Noticed an ice beast
  4417 | D:5      | Noticed an ice beast
  4552 | D:4      | Killed an ice beast
  4553 | D:4      | Reached skill level 9 in Axes
  4553 | D:4      | Reached XP level 7. HP: 58/61 MP: 6/6
  5258 | D:5      | Reached skill level 10 in Axes
  5394 | D:5      | Noticed Menkaure
  5704 | D:6      | Reached XP level 8. HP: 34/71 MP: 7/7
  5913 | D:6      | Found a staircase to the Ecumenical Temple.
  5925 | D:6      | Noticed Sigmund
  5943 | Temple   | Entered the Ecumenical Temple
  6076 | Temple   | Became a worshipper of Warmaster Okawaru
  6076 | Temple   | Reached * piety under Okawaru
  6076 | Temple   | Reached ** piety under Okawaru
  6380 | Temple   | Reached skill level 11 in Axes
  6680 | D:6      | Killed Sigmund
  7118 | D:6      | Found a sacrificial altar of Ru.
  7350 | D:6      | Noticed Edmund
  7362 | D:6      | Killed Edmund
  7363 | D:6      | Reached skill level 12 in Axes
  7718 | D:6      | Found a glowing golden altar of the Shining One.
  8028 | D:7      | Noticed a hornet
  8038 | D:7      | Paralysed by a hornet for 1 turns
  8046 | D:7      | Paralysed by a hornet for 1 turns
  8067 | D:7      | Killed a hornet
  8068 | D:7      | Reached XP level 9. HP: 46/81 MP: 8/8
  8095 | D:7      | Reached *** piety under Okawaru
  8095 | D:7      | Slain by a wight

Illustrated notes

Levels and vault maps discovered:
D:1:      psy_arrival_radial01, layout_basic, dreamdust_ecumenical_altar_statues
D:2:      layout_basic
D:3:      layout_loops_ring, item_on_display_a, uniq_robin
D:4:      layout_basic, amcnicky_altar_gilded, kennysheep_windowed_goal
D:5:      layout_basic, uniq_crazy_yiuf_cottage, uniq_menkaure
D:6:      layout_gridville, mainiacjoe_overflow_six_doors_small,
          mainiacjoe_overflow_boulevard, minmay_temple_entry_stoned_glass,
          uniq_edmund, uniq_sigmund
D:7:      layout_cave_pods, led_sif_pool,
          chequers_temple_overflow_statue_of_worship,
          mainiacjoe_overflow_small_starburst, kennysheep_opposing_triangles
Temple:   cyrus_circular_temple

Skill      XL: |  1  2  3  4  5  6  7  8 |
---------------+-------------------------+-----
Axes           | 4 5 6 8 9 10 12 | 12.7
Fighting       | 4 5 6 8 |  8.4
Dodging        | |  3.2
Stealth        | |  1.5

Action                   |  1- 3 |  4- 6 |  7- 9 || total
-------------------------+-------+-------+-------++-------
Melee: Hand axe          |    87 |   209 |   197 ||   493
       Headbutt          |    14 |    33 |    36 ||    83
       Punch             |     1 |       |       ||     1
Invok: Heroism           |       |       |     1 ||     1
  Use: Potion            |       |     8 |     5 ||    13
       Scroll            |       |       |     9 ||     9
 Stab: Sleeping          |     3 |       |       ||     3
Armor: Robe              |     4 |       |       ||     4
       Ring mail         |     2 |       |       ||     2
       Plate armour      |    30 |   128 |    94 ||   252
       Skin              |       |    30 |    43 ||    73
Dodge: Dodged            |    55 |    35 |    38 ||   128
Block: Buckler           |    18 |    27 |    42 ||    87
